 Dungeon Crawl Stone Soup version 0.30-a0-824-g6c64550be9 (webtiles) character file.

Game seed: 1230318161683812001

97 Pimp the Sneak (level 4, 0/30 HPs)
             Began as an Octopode Brigand on Feb 27, 2023.
             Slain by a gnoll
             ... wielding a +0 spear
              (9 damage)
             ... on level 2 of the Dungeon.
             The game lasted 00:02:23 (1350 turns).

Pimp the Sneak (Octopode Brigand)                   Turns: 1350, Time: 00:02:24

Health: 0/30       AC:  1    Str: 10    XL:     4   Next: 68%
Magic:  4/4        EV: 13    Int: 15    God:
Gold:   95         SH:  0    Dex: 13    Spells: 3/3 levels left

rFire   . . .      SeeInvis .    a - +2 dagger
rCold   . . .      Faith    .    (no shield)
rNeg    . . .      Spirit   .    (helmet restricted)
rPois   .          Reflect  .    f - amulet of regeneration
rElec   .          Harm     .    (no ring)
rCorr   .          Rampage  .    (no ring)
Will    .....                    (no ring)
Stlth   ++++                     (no ring)
HPRegen 1.05/turn                (no ring)
MPRegen 0.09/turn                (no ring)
                                 (no ring)
                                 (no ring)

@: no status effects
A: almost no armour, amphibious, 8 rings, camouflage 1, gelatinous body 1,
(nimble swimmer 1), tentacles
a: no special abilities


You were on level 2 of the Dungeon.
You visited 1 branch of the dungeon, and saw 2 of its levels.

You collected 95 gold pieces.

Inventory:

Hand Weapons
 a - a +2 dagger (weapon)
Missiles
 b - 13 poisoned darts (quivered)
 c - 3 curare-tipped darts
 e - 2 silver javelins
Jewellery
 f - an amulet of regeneration (around mantle)
Wands
 p - a wand of mindburst (14)
Scrolls
 d - 2 scrolls of identify {unknown}
 i - a scroll of silence {unknown}
 j - a scroll of poison {unknown}
 m - a scroll of magic mapping {unknown}
 n - a scroll of immolation {unknown}
 o - a scroll of noise {unknown}
Potions
 g - 2 potions of ambrosia {unknown}
 h - a potion of mutation {unknown}
 k - a potion of attraction {unknown}
 l - 2 potions of curing {unknown}
 q - a potion of berserk rage {unknown}


   Skills:
 + Level 2.7 Fighting
 + Level 2.7 Short Blades
 + Level 2.7 Throwing
 + Level 2.0 Dodging
 + Level 5.9 Stealth


You had 3 spell levels left.
You didn't know any spells.
Your spell library contained the following spells:

 Spells                   Type           Power      Damage    Failure   Level
 Stone Arrow              Conj/Erth      0%         3d7       63%         3
 Lehudib's Crystal Spear  Conj/Erth      0%         10d2      100%        8
 Animate Armour           Summ/Erth      Unusable   N/A       N/A         4

Dungeon Overview and Level Annotations

Branches:
Dungeon (2/15)

Altars:
Yredelemnul


Innate Abilities, Weirdness & Mutations

You cannot wear most types of armour.
You are amphibious.
You can wear up to eight rings at the same time.
Your skin changes colour to match your surroundings (Stealth+).
Your rubbery body absorbs attacks. (AC +1, EV +1)
((You are camouflaged when in or above water. (Stealth+)))
You have tentacles for arms and can constrict up to eight enemies at once.


Message History

The kobold shouts!
You hit the kobold.
You kill the kobold!
There is an open door here.
You see here a +0 whip.
There is a stone staircase leading down here.
A gnoll comes into view. It is wielding a +0 spear.
A gnoll comes into view. It is wielding a +0 spear.
A gnoll comes into view. It is wielding a +0 whip.
The helpless gnoll fails to defend itself.
You impale the gnoll!!
You kill the gnoll!
Things that are here:
a +0 spear; a gnoll corpse The gnoll shouts!
A gnoll comes into view. It is wielding a +0 spear.
The gnoll closely misses you. x2
The gnoll hits you with a +0 spear. The gnoll hits you with a +0 spear!
The gnoll closely misses you.
You hit the gnoll. You grab the gnoll. You squeeze the gnoll.
The gnoll is heavily wounded.
You constrict the gnoll. The gnoll barely misses you.
The gnoll hits you with a +0 spear. The gnoll hits you with a +0 whip!
You hit the gnoll. Your grab misses the gnoll. You squeeze the gnoll!
You kill the gnoll!
You constrict the gnoll, but do no damage.
The gnoll closely misses you. x2
Your Dodging skill increases to level 2!
You hit the gnoll. You grab the gnoll.
The gnoll is heavily wounded.
You constrict the gnoll. x2; The gnoll barely misses you.
The gnoll hits you with a +0 spear.
You hit the gnoll.
You kill the gnoll!
You constrict the gnoll. The gnoll hits you with a +0 spear.
* * * LOW HITPOINT WARNING * * *
You hit the gnoll but do no damage.
The gnoll is heavily wounded.
You constrict the gnoll. The gnoll hits you with a +0 spear!
You die...

##########
##......... ########
########......##.###
.......# #..g)....##
#.#...## ######.#
#@)...... #......#
#.# # #.###..##
#.#...## #.# #.#.#
...##.## #.#
#.#)###.# ### #.#
#.#### #.......# #.#
#....# ###.#####
##'## ####.# #.#
##...## ### #.#
#.###### ##.....# #
##.###.# #......#
##.......


You could see a gnoll.

Vanquished Creatures
  Terence (D:2)
  3 gnolls (D:2)
  A dart slug (D:1)
  3 ball pythons (D:2)
  2 endoplasms
  2 giant cockroaches (D:1)
  2 goblins (D:1)
  7 hobgoblins
  4 quokkas
  6 bats
  2 frilled lizards
  4 kobolds
  4 rats
41 creatures vanquished.

Notes
Turn   | Place    | Note
-------+----------+-------------------------------------------
     0 | D:1      | Pimp the Octopode Brigand began the quest for the Orb.
     0 | D:1      | Reached XP level 1. HP: 14/14 MP: 1/1
   117 | D:1      | Reached XP level 2. HP: 19/19 MP: 2/2
   414 | D:1      | Reached XP level 3. HP: 24/24 MP: 3/3
   662 | D:2      | Found a basalt altar of Yredelemnul.
  1160 | D:2      | Noticed Terence
  1174 | D:2      | Killed Terence
  1175 | D:2      | Reached XP level 4. HP: 7/30 MP: 4/4
  1350 | D:2      | Slain by a gnoll

Illustrated notes

Levels and vault maps discovered:
D:1:      moated_graveyard_arrival, layout_loops_ring, minmay_domino_2
D:2:      layout_loops_corners, basic_altar, kennysheep_another_room,
          uniq_terence

Skill      XL: |  1  2  3  4 |
---------------+-------------+-----
Dodging        | 2 |  2.0
Fighting       | |  2.7
Short Blades   | |  2.7
Throwing       | |  2.7
Stealth        | |  5.9

Action                     |  1- 3 |  4- 6 || total
---------------------------+-------+-------++-------
  Melee: Dagger            |    67 |    10 ||    77
         Constrict         |    14 |     3 ||    17
         Tentacles         |    15 |     3 ||    18
         Punch             |     1 |       ||     1
   Stab: Sleeping          |    13 |     1 ||    14
 Armour: Skin              |     4 |       ||     4
  Dodge: Dodged            |    48 |     8 ||    56

Table legend: (Time is in decaauts)
 A = Elapsed time spent in this place.
 B = Non-inter-level travel time spent in this place.
 C = Inter-level travel time spent in this place.
 D = Time resting spent in this place.
 E = Time spent auto-exploring this place.
 F = Levels seen in this place.
 G = Mean time per level.
                   A        B        C        D        E       F      G
               +--------+--------+--------+--------+--------+-----+--------+
         Total |   1341 |   1311 |     30 |     25 |    928 |   2 |  670.5 |
       Dungeon |   1341 |   1311 |     30 |     25 |    928 |   2 |  670.5 |
               +--------+--------+--------+--------+--------+-----+--------+

Top non-repeatable levels by time:
     D:2: 688 daAuts
     D:1: 653 daAuts
